 Dungeon Crawl Stone Soup version 0.32-a0-163-g159c032296 (webtiles) character file.

Game seed: 17582517674882583009

71323 Bobbunny the Grappler (level 14, 0/153 HPs)
             Began as a Troll Cinder Acolyte on Feb 12, 2024.
             Was a Follower of Jiyva.
             Slain by a purple ugly thing (11 damage)
             ... on level 5 of the Lair of Beasts.
             The game lasted 00:32:55 (15799 turns).

Bobbunny the Grappler (Troll Cinder Acolyte)       Turns: 15799, Time: 00:32:56

Health: 0/153      AC:  9    Str: 27    XL:     14   Next: 97%
Magic:  17/17      EV:  8    Int: 10    God:    Jiyva [*.....]
Gold:   1060       SH: 20    Dex:  7    Spells: 19/19 levels left

rFire   . .          .
                       - Unarmed
rCold   + . .        e - +0 tower shield "Ekiof" {rF+ Regen+}
rNeg    . . .        X - +2 robe {rC+}
rPois   .            U - +0 hat
rElec   .            m - +2 cloak
rCorr   +            (gloves unavailable)
SInv    .            (boots unavailable)
Will    +....        Q - amulet of reflection
Stlth   +            K - ring of protection from fire
HPRegen 2.85/turn    I - ring of resist corrosion
MPRegen 0.55/turn

%: reflection
@: lethally poisoned (0 -> 0), on fire, glowing, fire susceptible
A: large, unfitting armour, claws 3, regeneration 1, shaggy fur 1, tough skin 1
a: Renounce Religion


You were on level 5 of the Lair of Beasts.
You worshipped Jiyva.
Jiyva was aware of your devotion.
You visited 3 branches of the dungeon, and saw 18 of its levels.
You visited the Abyss 1 time.

You collected 1210 gold pieces.
You spent 150 gold pieces at shops.

Inventory:

Hand Weapons
 A - a +4 arbalest of electrocution
Missiles
 d - 6 boomerangs (quivered)
 f - 39 poisoned darts
 x - 4 curare-tipped darts
 D - 3 throwing nets
 L - a large rock
 O - 11 javelins
Armour
 e - the +0 tower shield "Ekiof" (worn) {rF+ Regen+}
   (You acquired it on level 9 of the Dungeon)

   rF+:       It protects you from fire.
   Regen+:    It increases your rate of health regeneration.
 m - a +2 cloak (worn)
 U - a +0 hat (worn)
 X - a +2 robe of cold resistance (worn)
Jewellery
 i - a ring of positive energy
 q - an amulet of regeneration
 H - a ring of see invisible
 I - a ring of resist corrosion (right claw)
 K - a ring of protection from fire (left claw)
 Q - an amulet of reflection (around neck)
 V - a ring of fire
 W - a ring of ice
 Y - a ring of protection from cold
Wands
 y - a wand of iceblast (8)
 G - a wand of digging (4)
 M - a wand of polymorph (1)
 N - a wand of flame (10)
Scrolls
 b - 5 scrolls of enchant armour
 c - 5 scrolls of teleportation
 g - 2 scrolls of noise {unknown}
 k - 4 scrolls of enchant weapon {unknown}
 n - 2 scrolls of poison
 r - 2 scrolls of amnesia
 s - a scroll of revelation
 w - 2 scrolls of fog
 z - 7 scrolls of fear
 B - 2 scrolls of identify
 C - a scroll of blinking
 E - 2 scrolls of immolation {unknown}
 P - 4 scrolls of vulnerability
Potions
 a - 5 potions of enlightenment
 h - 3 potions of heal wounds
 j - 8 potions of curing
 l - 2 potions of ambrosia
 o - 3 potions of might
 p - 2 potions of lignification
 t - a potion of berserk rage
 u - a potion of brilliance
 v - 5 potions of mutation
 J - 3 potions of resistance {unknown}
 R - 2 potions of invisibility {unknown}
 T - 2 potions of haste {unknown}
 Z - 2 potions of cancellation {unknown}
Miscellaneous
 F - a box of beasts


   Skills:
 + Level 13.3 Fighting
 - Level 10.0 Throwing
 - Level 3.0 Dodging
 + Level 11.1 Shields
 + Level 14.4 Unarmed Combat
 - Level 3.1 Spellcasting
 - Level 2.1 Fire Magic


You had 19 spell levels left.
You didn't know any spells.
Your spell library contained the following spells:

 Spells                   Type           Power      Damage    Failure   Level
 Scorch                   Fire           10%        2d5       45%         2
 Apportation              Tloc           2%         N/A       63%         1
 Magic Dart               Conj           4%         1d3       63%         1
 Necrotise                Necr           4%         1d4       63%         1
 Sting                    Conj/Alch      4%         1d3       63%         1
 Summon Small Mammal      Summ           4%         N/A       63%         1
 Blink                    Tloc           2%         N/A       77%         2
 Call Imp                 Summ           2%         N/A       77%         2
 Mercury Vapours          Alch/Air       2%         N/A       77%         2
 Volatile Blastmotes      Fire/Tloc      6%         2d10      83%         3
 Dazzling Flash           Conj/Hex       2%         N/A       94%         3
 Mephitic Cloud           Conj/Alch/Air  1%         N/A       94%         3
 Tukima's Dance           Hex            1%         N/A       94%         3
 Passage of Golubria      Tloc           1%         N/A       100%        4
 Freezing Cloud           Conj/Ice/Air   0%         6-21      100%        5
 Silence                  Hex/Air        0%         N/A       100%        5
 Yara's Violent Unravell  Hex/Alch       0%         3d3       100%        5
 Starburst                Conj/Fire      1%         6d3       100%        6
 Lehudib's Crystal Spear  Conj/Erth      0%         10d2      100%        8
 Maxwell's Capacitive Co  Air            0%         ∞         100%        8


Dungeon Overview and Level Annotations

Branches:
Dungeon (12/15)            Temple (1/1) D:4            Lair (5/5) D:11
  Swamp (0/4) Lair:3       Spider (0/4) Lair:2        Slime (0/5) Lair:5
    Orc: D:9-12

Altars:
Ashenzari
Cheibriados
Dithmenos
Elyvilon
Fedhas
Gozag
Hepliaklqana
Kikubaaqudgha
Makhleb
Nemelex Xobeh
Okawaru
Qazlal
Ru
Sif Muna
Trog
Uskayaw
Vehumet
Wu Jian
Xom
Yredelemnul
Zin
The Shining One
Jiyva

Shops:
D:2 (   D:5 *

Annotations:
D:3 2 transporters


Innate Abilities, Weirdness & Mutations

You are too large for most types of armour.
You have claws for hands.
Your natural rate of healing is unusually fast.
You are covered in fur. (AC +1)
You have tough skin. (AC +1)


Message History

You block the thrashing horror's attack.
You mangle the smoke demon!!
You kill the smoke demon!
The liquid fire burns you! The thrashing horror tramples you.
You hold your ground!
The thrashing horror tramples you.
You hold your ground!
You block the thrashing horror's attack.
The thrashing horror tramples you.
You hold your ground!
The purple ugly thing punches you but does no damage.
You mangle the thrashing horror!! You claw the thrashing horror!!
You destroy the thrashing horror!
The liquid fire burns you!
* * * LOW HITPOINT WARNING * * *
The water moccasin bites you.
* * * LOW HITPOINT WARNING * * *
You are poisoned.
The water moccasin poisons you!
You block the purple ugly thing's attack.
You barely miss the water moccasin. The liquid fire burns you!
* * * LOW HITPOINT WARNING * * *
You feel very sick. The water moccasin barely misses you.
The purple ugly thing punches you.
* * * LOW HITPOINT WARNING * * *
You block the water moccasin's attack.
You hear a distant slurping noise.
You claw the water moccasin!
The water moccasin is heavily wounded.
The liquid fire burns you!
* * * LOW HITPOINT WARNING * * *
You feel sick. You block the water moccasin's attack.
The purple ugly thing punches you!
* * * LOW HITPOINT WARNING * * *
You feel much better. The liquid fire burns you!
* * * LOW HITPOINT WARNING * * *
You feel sick. You block the water moccasin's attack.
The purple ugly thing punches you!
You die...
Jiyva sends a jelly to digest your remains.

♣♣♣ ♣.♣ ♣♣♣♣
♣.♣♣ ♣♣..♣♣ ♣..♣
♣.♣uS♣♣♣..♣
♣u.ul♣♣@.♣...♣♣
♣S3♣.♣♣♣♣......♣
♣. ♣♣ ♣..♣...♣ ♣
♣.♣♣♣.♣♣ ♣♣..
♣.♣♣ ♣... ♣..♣
♣♣..♣♣♣♣.♣ ♣..♣♣
♣♣÷♣ ♣♣†♣♣♣♣..♣


You could see a purple ugly thing and a water moccasin.

Vanquished Creatures
  Kirke (Lair:4)
  A tentacled starspawn (Abyss:1)
  A dire elephant (Lair:5)
  Josephine (Lair:3)
  Fannar (Lair:2)
  5 hydras (Lair:3)
  2 centaur warriors (D:10)
  2 catoblepae (Lair:4)
  A tengu warrior (D:7)
  Urug (D:10)
  2 two-headed ogres
  A demonic crawler (Lair:4)
  2 thrashing horrors
  12 death yaks
  A soul eater (Abyss:1)
  A skyshark (Lair:5)
  A glowing orange brain (Abyss:1)
  A shadow demon (Abyss:1)
  A steelbarb worm (shapeshifter) (Lair:5)
  2 large abominations
  A deep elf pyromancer (D:10)
  2 cyclopes
  2 manticores
  6 black mambas
  8 elephants
  3 smoke demons (Lair:5)
  A gargoyle (D:11)
  7 cane toads
  Jeremiah (Lair:1)
  Maggie (D:6)
  2 unseen horrors
  2 efreet (D:10)
  A torpor snail (Lair:5)
  8 komodo dragons
  A freezing wraith (D:10)
  An ancient zyme (Abyss:1)
  4 rime drakes
  5 trolls
  2 tyrant leeches
  A hellwing (Abyss:1)
  20 blink frogs
  2 hornets
  A harpy skeleton (Abyss:1)
  6 dream sheep
  A raiju (Lair:5)
  A culicivora (shapeshifter) (D:10)
  2 jumping spiders (Lair:2)
  2 ynoxinuls
  A human (Lair:4)
  8 wraiths
  44 yaks
  A spriggan (Lair:5)
  A shadow (D:8)
  5 fire elementals
  6 starcursed masses (Abyss:1)
  3 wyverns
  2 hogs (Lair:4)
  Grum (D:7)
  7 basilisks
  3 vampire mosquitoes (D:12)
  4 steam dragons
  6 small abominations (Lair:5)
  6 swamp worms
  6 water moccasins
  An ice beast (D:5)
  7 orc warriors
  A black bear (shapeshifter) (Lair:5)
  3 sky beasts
  3 ogres
  20 wolves
  A laughing skull (D:10)
  3 centaurs
  The ghost of Ceno the Sneak, an amateur OpSh (D:3)
  3 phantoms
  4 kobold brigands
  A weeping skull (D:4)
  15 bullfrogs
  A brain worm (Abyss:1)
  6 gnoll sergeants
  3 scorpions
  17 wights
  3 killer bees (D:6)
  7 electric eels
  9 howler monkeys
  10 hounds
  A quasit (Abyss:1)
  3 jellies
  2 bombardier beetles
  9 orc priests
  5 gnoll boudas
  5 iguanas
  Natasha (thrice) (D:3)
  12 orc wizards
  2 sleepcaps
  12 adders
  29 gnolls
  3 shadow imps
  2 white imps (D:7)
  3 ufetubi
  A dart slug (D:1)
  3 ribbon worms
  45 orcs
  17 bats
  5 endoplasms
  2 giant cockroaches (D:1)
  7 goblins
  6 hobgoblins
  9 jackals
  4 quokkas
  7 ball pythons
  3 frilled lizards
  18 kobolds
  6 rats
  A spectral orc (D:4)
582 creatures vanquished.

Vanquished Creatures (collateral kills)
  A bone dragon (Abyss:1)
  A tentacled starspawn (Abyss:1)
  3 yaks
  A chaos spawn (Abyss:1)
  A starspawn tentacle (Abyss:1)
7 creatures vanquished.

Vanquished Creatures (others)
  A cane toad (Lair:3)
  A yak (Lair:4)
  7 jellies
  A butterfly (Lair:3)
  10 foxfires (D:3)
  11 starspawn tentacles (Abyss:1)
31 creatures vanquished.

Grand Total: 620 creatures vanquished

Notes
Turn   | Place    | Note
-------+----------+-------------------------------------------
     0 | D:1      | Bobbunny the Troll Cinder Acolyte began the quest for the
                  | Orb.
     0 | D:1      | Reached XP level 1. HP: 22/22 MP: 1/1
   111 | D:1      | Reached XP level 2. HP: 29/29 MP: 2/2
   439 | D:1      | Reached XP level 3. HP: 34/37 MP: 3/3
   975 | D:2      | Reached skill level 4 in Unarmed Combat
  1080 | D:2      | Found Leqiostyla's Antique Weapon Emporium.
  1398 | D:3      | Noticed Natasha
  1401 | D:3      | Killed Natasha
  1402 | D:3      | Reached XP level 4. HP: 45/45 MP: 4/4
  1439 | D:3      | Found a broken altar of Ashenzari.
  1439 | D:3      | Found a snail-covered altar of Cheibriados.
  1439 | D:3      | Found a glowing silver altar of Zin.
  1442 | D:3      | Noticed a scorpion
  1463 | D:3      | Found a transporter.
  1490 | D:3      | Noticed Natasha
  1719 | D:3      | Found a transporter.
  1784 | D:3      | Reached XP level 5. HP: 52/54 MP: 5/5
  1797 | D:3      | Found a runed translucent door.
  1799 | D:3      | Noticed Ceno's ghost (amateur OpSh)
  2085 | D:3      | Killed Natasha
  2086 | D:3      | Reached skill level 5 in Unarmed Combat
  2236 | D:3      | Noticed Natasha
  2243 | D:3      | Killed Natasha
  2269 | D:3      | Killed Ceno's ghost
  2270 | D:3      | Reached XP level 6. HP: 49/63 MP: 6/6
  2566 | D:4      | Reached skill level 5 in Fighting
  2566 | D:4      | Reached skill level 6 in Unarmed Combat
  2576 | D:4      | Reached XP level 7. HP: 56/72 MP: 7/7
  2596 | D:4      | Found a staircase to the Ecumenical Temple.
  2621 | Temple   | Entered the Ecumenical Temple
  2658 | D:4      | Found a blossoming altar of Fedhas.
  2805 | D:4      | Found a basalt altar of Yredelemnul.
  2904 | D:5      | Entered Level 5 of the Dungeon
  3036 | D:5      | Found a hazy altar of Hepliaklqana.
  3189 | D:5      | Reached skill level 7 in Unarmed Combat
  3279 | D:5      | Found a shimmering altar of Xom.
  3452 | D:5      | Reached XP level 8. HP: 83/83 MP: 8/8
  3600 | D:5      | Found Cahihey's General Store.
  3608 | D:5      | Bought a scroll of fear for 60 gold pieces
  3608 | D:5      | Bought a scroll of poison for 60 gold pieces
  3608 | D:5      | Bought a scroll of identify for 30 gold pieces
  3898 | D:6      | Noticed Maggie
  3913 | D:6      | Killed Maggie
  3914 | D:6      | Reached skill level 8 in Unarmed Combat
  4231 | D:6      | Reached XP level 9. HP: 92/93 MP: 9/9
  4286 | D:6      | Reached skill level 9 in Unarmed Combat
  4886 | D:6      | Reached skill level 10 in Unarmed Combat
  5124 | D:7      | Noticed Grum
  5129 | D:7      | Killed Grum
  5170 | D:7      | Reached skill level 1 in Throwing
  5170 | D:7      | Reached skill level 1 in Shields
  5259 | D:7      | Reached XP level 10. HP: 106/106 MP: 10/10
  5307 | D:7      | Found an iron altar of Okawaru.
  5406 | D:7      | Noticed a tengu warrior
  5433 | D:7      | Killed a tengu warrior
  5447 | D:7      | Identified the +0 plate armour "Exopis" {rC+ Int-4 Dex+2
                  | SInv}
  5988 | D:7      | Reached skill level 11 in Unarmed Combat
  6116 | D:8      | Found a hide-covered altar of Uskayaw.
  6504 | D:8      | Found a bloodstained altar of Trog.
  6722 | D:9      | Reached XP level 11. HP: 105/117 MP: 11/11
  6816 | D:9      | Found a shadowy altar of Dithmenos.
  7211 | D:9      | Identified a scroll of acquirement
  7211 | D:9      | Acquired the +0 tower shield "Ekiof" {rF+ Regen+}
  7248 | D:10     | Entered Level 10 of the Dungeon
  7414 | D:10     | Reached skill level 5 in Throwing
  7414 | D:10     | Reached skill level 5 in Shields
  7429 | D:10     | Reached skill level 10 in Fighting
  7481 | D:10     | Noticed a centaur warrior
  7597 | D:10     | Found a white marble altar of Elyvilon.
  7766 | D:10     | Noticed a deep elf pyromancer
  7769 | D:10     | Killed a centaur warrior
  7786 | D:10     | Killed a deep elf pyromancer
  7979 | D:10     | Noticed Urug
  7998 | D:10     | Killed Urug
  8109 | D:10     | Noticed a centaur warrior
  8119 | D:10     | Killed a centaur warrior
  8536 | D:11     | Reached XP level 12. HP: 125/128 MP: 15/15
  8634 | D:11     | Reached skill level 1 in Dodging
  8995 | D:11     | Noticed a two-headed ogre
  9005 | D:11     | Killed a two-headed ogre
  9012 | D:11     | Found a staircase to the Lair.
  9173 | D:12     | Noticed a two-headed ogre
  9187 | D:12     | Killed a two-headed ogre
  9289 | Lair:1   | Entered Level 1 of the Lair of Beasts
  9380 | Lair:1   | Noticed Jeremiah
  9420 | Lair:1   | Killed Jeremiah
 10257 | Lair:2   | Noticed Fannar
 10268 | Lair:2   | Killed Fannar
 10269 | Lair:2   | Reached skill level 12 in Unarmed Combat
 10780 | Lair:2   | Found a hole to the Spider Nest.
 10790 | Lair:2   | Reached XP level 13. HP: 137/137 MP: 16/16
 11093 | Lair:3   | Noticed Josephine
 11108 | Lair:3   | Noticed Sonja
 11110 | Lair:3   | Killed Josephine
 11171 | Abyss:1  | Cast into level 1 of the Abyss (Sonja)
 11263 | Abyss:1  | Noticed a tentacled starspawn
 11279 | Abyss:1  | Noticed a bone dragon
 11293 | Abyss:1  | Killed a bone dragon
 11294 | Abyss:1  | Killed a tentacled starspawn
 11376 | Abyss:1  | Found a basalt altar of Yredelemnul.
 11382 | Abyss:1  | Noticed a tentacled starspawn
 11395 | Abyss:1  | Killed a tentacled starspawn
 11469 | Abyss:1  | Noticed a starcursed mass
 11507 | Lair:3   | Escaped the Abyss
 11560 | Lair:3   | Sonja changed into Sonja the troll
 11560 | Lair:3   | Noticed Sonja
 11565 | Lair:3   | Killed Sonja the troll
 11956 | Lair:4   | Reached skill level 13 in Unarmed Combat
 12321 | Lair:5   | Entered Level 5 of the Lair of Beasts
 12581 | Lair:4   | Noticed Kirke
 12583 | Lair:4   | Noticed a sphinx
 12586 | Lair:4   | Noticed a sphinx
 12603 | Lair:4   | Killed Kirke
 12730 | Lair:4   | Reached XP level 14. HP: 110/150 MP: 17/17
 12903 | Lair:4   | HP: 7/150 [yak (12)]
 13042 | Lair:4   | Reached skill level 10 in Shields
 14077 | Lair:5   | Found a viscous altar of Jiyva.
 14077 | Lair:5   | Found a staircase to the Slime Pits.
 14095 | Lair:5   | Fell from the grace of Ignis
 14095 | Lair:5   | Became a worshipper of Jiyva Juteez the Shapeless
 14250 | Lair:3   | Reached skill level 10 in Throwing
 14940 | Lair:3   | Reached skill level 14 in Unarmed Combat
 15356 | Lair:3   | Found a staircase to the Swamp.
 15469 | Lair:3   | You fall into a shaft and drop 2 floors!
 15483 | Lair:5   | Reached * piety under Jiyva
 15798 | Lair:5   | HP: 3/153 [purple ugly thing (13)]
 15799 | Lair:5   | Slain by a purple ugly thing

Illustrated notes

Levels and vault maps discovered:
D:1:      psy_arrival_statuary, layout_basic, minmay_close_crescents
D:2:      layout_basic, serial_shops, shop
D:3:      layout_basic, gammafunk_temple_overflow_arena,
          hellmonk_ghost_happy_afterlife, uniq_natasha
D:4:      layout_rooms, yredelemnul_forgotten_temple_becter,
          fedhas_ov_isle_minmay, minmay_temple_entry_overgrown
D:5:      layout_loops_corners, mainiacjoe_overflow_alcove_1,
          nicolae_hepliaklqana_hippocampus, serial_shops, shop,
          kennysheep_generic_room_11
D:6:      layout_basic, palyth_stone_intersect, roderic_batcave,
          kennysheep_generic_room_12, uniq_maggie
D:7:      nzn_winding_woodlands_cross [nzn_winding_woodlands_5x15_pool,
          nzn_winding_woodlands_5x15_split_checker,
          nzn_winding_woodlands_5x15_lazy_stream,
          nzn_winding_woodlands_5x15_river_crossing,
          nzn_winding_woodlands_15x15_eel_pit], layout_cave_pools,
          kennysheep_little_box, serial_gnoll_camp, gnoll_camp_mini_sergeant,
          gnoll_camp_medium_01, gnoll_camp_mini_basic, gnoll_camp_mini_hut,
          gnoll_camp_mini_hut, grums_kennel
D:8:      layout_rooms, trog_three_pillars_becter,
          nicolae_uskayaw_murder_on_the_dancefloor
D:9:      layout_basic, nicolae_dithmenos_through_a_glass_darkly, st_stairs_4,
          hangedman_decor_points, kennysheep_small_circle
D:10:     layout_loops_corners, mainiacjoe_overflow_paths, minivault_28,
          uniq_urug
D:11:     layout_irregular_city, lair_entry_dummy
D:12:     layout_loops_ring, kennysheep_orc_monster_closet_entryway,
          gammafunk_ghost_mausoleum, uniq_nergalle
Temple:   nicolae_temple_ecumenical_triangle
Lair:1:   layout_regular_city, nicolae_quartered_pool_medium, uniq_jeremiah
Lair:2:   layout_loops_ring, spider_nest_entry_rubble, uniq_fannar
Lair:3:   layout_layer_cave, palyth_hydra_swamp_entry, minmay_shattered_shrine,
          lemuel_fruit_tree, serial_bayou_shore_a, lemuel_fruit_fields,
          uniq_sonja, uniq_josephine
Lair:4:   layout_layer_cave, worms_lemuel, grunt_megastairs_3, uniq_kirke
Lair:5:   hellmonk_lair_end_abyssal_woods, layout_cave_pods, slime_entry_1,
          st_stairs_11, dreamdust_deal_with_the_devil,
          nicolae_lair_grazing_beasts [nicolae_sub_lair_graze_edge,
          nicolae_sub_lair_graze_edge, nicolae_sub_lair_graze_edge,
          nicolae_sub_lair_graze_edge]

Skill      XL: |  1  2  3  4  5  6  7  8  9 10 11 12 13 14 |
---------------+-------------------------------------------+-----
Fighting       | 3 4 5 6 7 8 9 10 11 12 13 | 13.3
Unarmed Combat | 4 5 6 7 8 10 11 12 13 14 | 14.4
Throwing       | 1 4 6 7 9 10 | 10.0
Shields        | 1 4 6 8 9 11 | 11.1
Spellcasting   | 3 |  3.1
Dodging        | 3 |  3.0
Fire Magic     | |  2.1

Action                     |  1- 3 |  4- 6 |  7- 9 | 10-12 | 13-15 || total
---------------------------+-------+-------+-------+-------+-------++-------
  Melee: Unarmed           |    90 |   166 |   262 |   680 |   677 ||  1875
         Punch             |     1 |     1 |    10 |    37 |    61 ||   110
   Fire: Arbalest          |       |       |       |    26 |    39 ||    65
  Throw: Dart              |       |       |    13 |     9 |     9 ||    31
         Boomerang         |       |       |       |    11 |    37 ||    48
         Large rock        |       |       |       |    20 |    19 ||    39
 Invoke: Foxfire Swarm     |       |     1 |       |       |       ||     1
         Rising Flame      |       |     1 |       |       |       ||     1
         Fiery Armour      |       |     1 |       |     4 |     4 ||     9
  Evoke: Wand              |       |       |     1 |     1 |     7 ||     9
         Box of beasts     |       |       |       |     1 |     1 ||     2
    Use: Scroll            |       |     5 |     3 |    12 |    10 ||    30
         Potion            |       |       |       |       |     2 ||     2
   Stab: Distracted        |       |       |       |       |     1 ||     1
         Petrified         |       |       |       |       |     1 ||     1
 Armour: Robe              |    74 |   154 |    31 |    36 |   626 ||   921
         Steam dragon scal |       |       |   172 |   577 |       ||   749
  Dodge: Dodged            |    31 |   104 |   117 |   161 |   165 ||   578
  Block: Kite shield       |       |       |    19 |    78 |       ||    97
         Tower shield      |       |       |       |   319 |   747 ||  1066
         Reflection        |       |       |       |       |     3 ||     3
         Other             |       |       |       |       |     3 ||     3

Table legend: (Time is in decaauts)
 A = Elapsed time spent in this place.
 B = Non-inter-level travel time spent in this place.
 C = Inter-level travel time spent in this place.
 D = Time resting spent in this place.
 E = Time spent auto-exploring this place.
 F = Levels seen in this place.
 G = Mean time per level.
                   A        B        C        D        E       F      G
               +--------+--------+--------+--------+--------+-----+--------+
         Total |  15872 |  14934 |    938 |    856 |   9825 |  19 |  835.4 |
       Dungeon |   9286 |   8841 |    445 |    165 |   6536 |  12 |  773.8 |
        Temple |      1 |      1 |      0 |      0 |      0 |   1 |    1.0 |
          Lair |   6251 |   5758 |    493 |    691 |   3279 |   5 | 1250.2 |
         Abyss |    332 |    332 |      0 |      0 |     10 |   1 |  332.0 |
               +--------+--------+--------+--------+--------+-----+--------+

Top non-repeatable levels by time:
  Lair:3: 1696 daAuts
  Lair:4: 1511 daAuts
     D:7: 1276 daAuts
    D:10: 1171 daAuts
  Lair:1: 1019 daAuts
  Lair:2: 1017 daAuts
  Lair:5: 1005 daAuts
     D:5: 968 daAuts
     D:6: 925 daAuts
     D:3: 889 daAuts
     D:1: 840 daAuts
    D:11: 785 daAuts
     D:9: 703 daAuts
     D:2: 585 daAuts
     D:4: 578 daAuts
